Cogmind - Beta 16 @@@ ROGUE MODE // 2026.01.31 @ 02:45:52 Player: Nika Jay Result: Destroyed by D-53 Grenadier with Mini Grenade Launcher Performance ------------- Evolutions (0) 0 Regions Visited (2) 400 Robots Destroyed (15) 75 Value Destroyed (108) 108 Prototype IDs (1) 20 Alien Tech Used (0) 0 Bonus (-164) -164 TOTAL SCORE: 439 Bonus ------- Friendly Fire -164 Cogmind --------- Core Integrity 0/250 Matter 193/300 Energy 98/100 System Corruption 2% Temperature Cool (0) Movement Core (50) Location -10/Mines Parts ------- > --- POWER (1) -------- (None) > --- PROPULSION (2) --- (None) > --- UTILITY (2) ------ (None) > --- WEAPON (2) ------- (None) > --- INVENTORY (5) ---- Cooled Ion Engine Aluminum Leg Aluminum Leg Seismic Detector Light Assault Rifle Peak State ------------ > --- POWER ------------ Cooled Ion Engine > --- PROPULSION ------- Aluminum Leg Aluminum Leg > --- UTILITY ---------- Small Storage Unit Seismic Detector > --- WEAPON ----------- Rocket Launcher Rocket Launcher > --- INVENTORY -------- Cooled Ion Engine Aluminum Leg Aluminum Leg Aluminum Leg Seismic Detector Assault Rifle Light Assault Rifle Light Assault Rifle [Rating: 12] Favorites ----------- Power Cooled Ion Engine Engine Cooled Ion Engine Propulsion Aluminum Leg Leg Aluminum Leg Utility Small Storage Unit Device Seismic Detector Storage Small Storage Unit Weapon Assault Rifle Ballistic Gun Assault Rifle Launcher Rocket Launcher Build | -11 -10 -10 ------- Run | Yrd Mat Min Slots Evolved . | . . . Power . | . . . Propulsion . | . . . Utility . | . . . Weapon . | . . . Parts Attached 12 | 7 1 4 Power 2 | 1 1 . Engine 2 | 1 1 . Core . | . . . Reactor . | . . . Propulsion 3 | 2 . 1 Treads . | . . . Leg 3 | 2 . 1 Wheel . | . . . Hover . | . . . Flight . | . . . Utility 2 | 2 . . Device 1 | 1 . . Storage 1 | 1 . . Processor . | . . . Hackware . | . . . Protection . | . . . Artifact . | . . . Weapon 5 | 2 . 3 Energy Gun . | . . . Energy Cannon . | . . . Ballistic Gun 3 | 2 . 1 Ballistic Cannon . | . . . Launcher 2 | . . 2 Special Weapon . | . . . Impact Weapon . | . . . Slashing Weapon . | . . . Piercing Weapon . | . . . Special Melee Weapon . | . . . Unidentified Prototypes 1 | . 1 . Parts Lost 5 | . . 5 Power 1 | . . 1 Propulsion 1 | . . 1 Utility 1 | . . 1 Weapon 2 | . . 2 Highest Loss Streak 5 | . . 5 To Critical Strikes . | . . . Average Backups 5 | . 4 7 Power . | . . 1 Propulsion 1 | . . 3 Utility . | . 1 1 Weapon 2 | . 2 2 Tool/Special . | . . . Unused Backups 7 | . . 7 Power 1 | . . 1 Propulsion 3 | . . 3 Utility 1 | . . 1 Weapon 2 | . . 2 Tool/Special . | . . . Average Slot Usage (%) 99 | . 100 98 Engine 14 | . 14 14 Leg 28 | . 28 28 Device 13 | . 14 12 Storage 14 | . 14 14 Ballistic Gun 27 | . 28 26 Peak Build Rating 12 | 7 10 12 Average Rating 8 | 5 8 9 On Entrance 5 | . 7 10 Avg Prop Armor Cover (%) . | . . . Naked Turns 1 | . . 1 Heaviest Build 18 | 15 18 18 Greatest Support 20 | 20 20 20 Greatest Overweight (x) 1 | . . 1 Average Overweight (x) . | . . . Largest Inventory Capacity 8 | 8 8 8 Average Capacity 7 | 7 8 7 Most Carried 8 | 2 8 8 Average Carried 5 | . 4 7 Final Capacity 8 | 8 8 5 Final Carried 8 | 2 8 5 Class Distribution -------------------- 100% | Mutant Dominant Class ---------------- Mutant | -10/Materials Mutant | -10/Mines Resources | -11 -10 -10 ----------- Run | Yrd Mat Min Matter Collected 503 | 336 . 167 Remotely . | . . . Salvage Created 476 | 180 . 296 Parts 23 | 15 . 8 Haulers Intercepted . | . . . Recyclers Shooed 1 | . . 1 Parts Field Recycled . | . . . Retrieved Matter . | . . . Parts Self-Destructed . | . . . Prevented . | . . . Parts Restored . | . . . Kills | -11 -10 -10 ------- Run | Yrd Mat Min Combat Hostiles Destroyed 24 | . . 24 Guns 6 | . . 6 AOE 18 | . . 18 Classes Destroyed 6 | 2 . 4 Worker 1 | . . 1 Tunneler 5 | 5 . . Recycler 2 | 1 . 1 Swarmer 6 | . . 6 Assembled 18 | . . 18 Guerrilla 1 | . . 1 Best Kill Streak 18 | 4 . 18 Combat Bots Only 18 | . . 18 Max Kills in Single Turn 9 | 1 . 9 Gunslinging . | . . . Exploded 8 | . . 8 Melee . | . . . Uniques/NPCs Destroyed . | . . . Combat | -11 -10 -10 -------- Run | Yrd Mat Min Hostile Shots Fired 55 | . . 55 Missed 8 | . . 8 Hits 47 | . . 47 Melee 2 | . . 2 Projectile 45 | . . 45 AOE 11 | . . 11 Critical Strikes 1 | . . 1 Damage Taken 954 | . . 954 Core 258 | . . 258 Absorbed by Shields . | . . . Core Remaining (%) 100 | 100 . . Volleys Fired 35 | 11 . 24 Largest 2 | 2 . 2 Hottest 66 | 40 . 66 Shots Fired 68 | 22 . 46 Gun 58 | 22 . 36 Cannon . | . . . Launcher 10 | . . 10 Special . | . . . Kinetic 58 | 22 . 36 Thermal . | . . . Explosive 10 | . . 10 Electromagnetic . | . . . Robot Hit Streak 11 | 11 . 4 Robot Miss Streak 4 | 1 . 4 Penetration Max . | . . . Secondary Targets . | . . . Shots Hit Robots 34 | 14 . 20 Core Hits 49 | 7 . 42 Critical Kills 1 | . . 1 Critical Parts Destroyed 1 | 1 . . Critical Strikes 2 | 1 . 1 Destroy 2 | 1 . 1 Melee Attacks . | . . . Impact . | . . . Slashing . | . . . Piercing . | . . . Sneak Attacks . | . . . Combat Hostiles . | . . . Follow-up Attacks . | . . . Damage Inflicted 1890 | 177 . 1713 Guns 408 | 175 . 233 Cannons . | . . . Explosions 1470 | . . 1470 Melee . | . . . Ramming 12 | 2 . 10 Kinetic 408 | 175 . 233 Thermal . | . . . Explosive 1470 | . . 1470 Electromagnetic . | . . . Impact . | . . . Slashing . | . . . Piercing . | . . . Highest Corruption 2 | . . 2 Average Corruption 2 | . . 2 Corruption Purged . | . . . Corruption Blocked . | . . . Effects 1 | . . 1 Message Errors 1 | . . 1 Overload Shots . | . . . Overflow Damage 105 | . . 105 Projectiles . | . . . Explosions 105 | . . 105 Melee . | . . . Knockbacks . | . . . Impact . | . . . Kinetic . | . . . Secondary . | . . . Self-Inflicted Damage 156 | . . 156 Shots 4 | . . 4 Rammed . | . . . Targets Rammed 5 | 1 . 4 Kicked 5 | 1 . 4 Crushed . | . . . Highest Temperature . | . . . Average Temperature . | . . . Received Heat Transfer . | . . . Siege Activations . | . . . Martial Activations . | . . . Shielding Activations . | . . . Robots Disrupted . | . . . Combat Hostiles . | . . . Robots Corrupted . | . . . Combat Hostiles . | . . . Parts Fried . | . . . Impact Corruptions . | . . . Robots Melted . | . . . Combat Hostiles . | . . . Parts Melted . | . . . Heat Transferred . | . . . Parts Sabotaged . | . . . Parts Stolen . | . . . Parts Stripped . | . . . Power Chain Reactions . | . . . Alert | -11 -10 -10 ------- Run | Yrd Mat Min Maximum Alert Level . | . . . Low Security (%) 100 | 100 100 100 Level 1 . | . . . Level 2 . | . . . Level 3 . | . . . Level 4 . | . . . Level 5 . | . . . High Security . | . . . Max Security . | . . . Peak Influence 105 | 20 . 105 Initial . | . . . Average 33 | 4 . 58 Influence Increases 273 | 30 . 243 Destroy 0b10 Robot/C 120 | . . 120 Destroy 0b10 Robot/NC 45 | 30 . 15 Destroy Leader 20 | . . 20 Destroy Structure 73 | . . 73 Lose Combat Pursuer 15 | . . 15 Influence Decreases 260 | 30 . 230 Time Decay 210 | 30 . 180 Lost Part 50 | . . 50 Squads Dispatched 1 | . 1 . Investigation . | . . . Extermination . | . . . Reinforcement 1 | . 1 . Assault . | . . . Garrison . | . . . Intercept . | . . . Searches Triggered . | . . . Construction Impeded . | . . . Haulers Reinforced . | . . . Active Scanning Responses . | . . . Cargo Convoy Interrupts . | . . . Stealth | -11 -10 -10 --------- Run | Yrd Mat Min Distress Signals . | . . . Communications Jammed . | . . . Distress Signals . | . . . Times Spotted 33 | . 4 29 Peak Tracking Total 18 | . 2 18 Tactical Retreats 1 | . . 1 Traps | -11 -10 -10 ------- Run | Yrd Mat Min Traps Triggered . | . . . Indirectly . | . . . Trap Hack Attempts . | . . . Triggered . | . . . Disarmed . | . . . Reprogrammed . | . . . Reused . | . . . Traps Extracted . | . . . Installed . | . . . Triggered . | . . . Machines | -11 -10 -10 ---------- Run | Yrd Mat Min Machines Disabled . | . . . Max in Single Turn . | . . . Machines Repaired . | . . . Machines Dismantled . | . . . Machines Sabotaged . | . . . Overloaded Fab Kills . | . . . Hacking | -11 -10 -10 --------- Run | Yrd Mat Min Machines Accessed 2 | . 2 . Terminals 2 | . 2 . Fabricators . | . . . Repair Stations . | . . . Recycling Units . | . . . Scanalyzers . | . . . Garrison Access . | . . . Total Hacks 3 | . 3 . Successful . | . . . Failed 3 | . 3 . Catastrophic 2 | . 2 . Database Lockouts . | . . . Manual 3 | . 3 . Terminals 3 | . 3 . Fabricators . | . . . Repair Stations . | . . . Recycling Units . | . . . Scanalyzers . | . . . Garrison Access . | . . . Terminal Hacks . | . . . Fabricator Hacks . | . . . Repair Station Hacks . | . . . Recycling Unit Hacks . | . . . Scanalyzer . | . . . Garrison Access Hacks . | . . . Unauthorized Hacks . | . . . Terminals . | . . . Fabricators . | . . . Repair Stations . | . . . Recycling Units . | . . . Scanalyzers . | . . . Garrison Access . | . . . Data Cores Recovered . | . . . Used . | . . . Hacking Detections 2 | . 2 . Full Trace Events . | . . . Feedback Events . | . . . Feedback Blocked . | . . . Robot Schematics Acquired . | . . . Robots Built . | . . . Authchips . | . . . Time . | . . . Total Robot Build Rating . | . . . Part Schematics Acquired . | . . . Parts Built . | . . . Authchips . | . . . Time . | . . . Total Part Build Rating . | . . . Part Studies Acquired . | . . . Parts Repaired . | . . . Time . | . . . Parts Recycled . | . . . Recycled Matter . | . . . Retrieved Matter . | . . . Retrieved Components . | . . . Parts Scanalyzed . | . . . Part Schematics Acquired . | . . . Parts Damaged . | . . . Bothacking | -11 -10 -10 ------------ Run | Yrd Mat Min Used RIF Installer . | . . . Robots Hacked . | . . . Non-combat . | . . . Combat . | . . . Robot Hacks Applied . | . . . Relay Couplers Released . | . . . Fabnet Peak Effective % . | . . . Robots Rewired . | . . . Allies Hacked . | . . . Hacks Repelled . | . . . Allies | -11 -10 -10 -------- Run | Yrd Mat Min Total Allies . | . . . Largest Group . | . . . Highest-Rated Group . | . . . Highest-Rated Ally . | . . . Total Orders . | . . . Ally Attacks . | . . . Total Damage . | . . . Kills . | . . . Allies Corrupted . | . . . Allies Melted . | . . . Intel | -11 -10 -10 ------- Run | Yrd Mat Min Active Infowar (turns) 556 | 24 190 342 Seismic 556 | 24 190 342 Robot Analysis Total . | . . . Derelict Logs Recovered 1 | . . 1 Drone Launches . | . . . Drone Recoveries . | . . . Exploration | -11 -10 -10 ------------- Run | Yrd Mat Min Turns Passed 668 | 105 190 373 Spaces Moved 441 | 51 153 237 Core 9 | 6 . 3 Treads . | . . . Legs 432 | 45 153 234 Wheels . | . . . Hover . | . . . Flight . | . . . Fastest Speed 50 | 50 120 50 Average Speed 119 | 111 120 120 Slowest Speed 190 | 120 120 190 Overloaded Moves . | . . . Propulsion Burnouts . | . . . Robots Hopped . | . . . Potential Cave-ins . | . . . Cave-ins Triggered . | . . . Exploration Rate (%) 25 | 4 27 44 Regions Visited 2 Branch Regions 1 Pre-discovered Areas . | . . . Known Exits Taken . | . . . Unknown Exits Taken 2 | 1 1 . Scrap Searched 1 | . . 1 Spaces Dug . | . . . Terrain Destroyed 95 | . . 95 Melee . | . . . Projectile . | . . . AOE 95 | . . 95 Terrain Rammed . | . . . Walls Destroyed . | . . . Machines Disabled . | . . . Actions | -11 -10 -10 --------- Run | Yrd Mat Min Total 510 | 73 159 278 Wait 3 | 2 . 1 Move 440 | 51 152 237 Hop . | . . . Pick Up 9 | 2 6 1 Fast Attach 7 | 7 . . Attach 1 | . . 1 Detach . | . . . Swap 8 | . 1 7 Drop 3 | . . 3 Fire 35 | 11 . 24 Melee . | . . . Ram . | . . . Kick 4 | . . 4 Crush . | . . . Escape Stasis . | . . . Rewire . | . . . Trap . | . . . Miscellaneous . | . . . Route ------- -11/Scrapyard -10/Materials -10/Mines History --------- Turn | Location | Event 4 | -11/Scrapyard | Discovered new exit (range 16) 106 | -11/Scrapyard | Entered Materials 248 | -10/Materials | Discovered new exit (range 16) 296 | -10/Materials | Entered Mines 302 | -10/Mines | Met a Derelict bent on vengeance 338 | -10/Mines | Build established: Mutant 479 | -10/Mines | Learned Materials trap positions 611 | -10/Mines | Assembled infested the area 616 | -10/Mines | Assisted by a Guerilla fighting off Assembled 663 | -10/Mines | Core integrity fell below 50% 668 | -10/Mines | Destroyed 18 combat bots 668 | -10/Mines | Released all parts (3) 669 | -10/Mines | Core integrity fell below 20% 669 | -10/Mines | Destroyed by D-53 Grenadier with Mini Grenade Launcher Last Messages --------------- 00641_ Destroyed Asb. Hover Unit. 00641_ as-62739 destroyed. 00641_ Rocket Launcher destroyed. 00641_ Destroyed Rocket Launcher. 00643_ The unstable cave ceiling collapses. 00647_ as-01126 destroyed. 00649_ Q%MLYK212 QZMPIWBJ6NGJ4MQF1 00652_ The unstable cave ceiling collapses. 00660_ C-45 Heavy ARC bursts open, deploying its payload. 00660_ D-53 Grenadier unfolds itself. 00660_ Aluminum Leg destroyed. 00660_ K-01 Serf collects debris. 00664_ Lgt. Assault Rifle destroyed. 00665_ K-01 Serf destroyed. 00666_ The unstable cave ceiling collapses. 00666_ Cld. Ion Engine destroyed. 00668_ Released Assault Rifle. 00668_ Released Sml. Storage Unit. 00668_ Released Aluminum Leg. 00669_ K-01 Serf collects debris. Map ----- +----------------------------------------------------+ | ????????# #########??????????????????? | | ?######## ##?????????????????????????? | | ## ##????????????????????????? | | ##???????????????????????? | | ## ##### """ ##??????????????????????? | | ?# #???# """ #??????????????????????? | | ?# #???## """ ##?????????????????????? | | ?# #????## #?????????????????????? | | ?# #?????## #?????????????????????? | | ?# #??????##### ##?????????????????????? | | ?# ??????????# #??????????????????????? | | ?###????## ???# ##?????????????????????? | | ???????## ?## ##????????????????????? | | ???????# # #????????????????????? | | ??????### #####???????????????? | | ??????# k ##??????????????? | | ??????# k ##?????????????? | | ??????# ##????????????? | | ???? ##???????????? | | ????#### # # #?#?????????? | | ??????# # # #?????????? | | ??????#### # ! # #?????????? | | ?????????# = #?????????? | | ?????????## % ## ]dd=###?????????? | | ?????????# " ?## #???????????? | | ?????????# ??# @ #???????????? | | ?????????# ??## #???????????? | | ?????????### ???##### ##???????????? | | ???????????# ??????? t #????????????? | | ???????????? ?# ???????? #????????????? | | ???????????????????????? #????????????? | | ???????????????????????? #????????????? | | ??????????????????????? #????????????? | | ??????????????????????? #????????????? | | ??????????????????????? ##????????????? | | ??????????????????????? #?????????????? | | ?????????????????????? ??????????????? | | ?????????????????????? ??????????????? | | ??????????????????????# ??????????????? | | ??????????????????????## ??????????????? | | ???????????????????????? ??????????????? | | ????????????????????????????????????????? | | ????????????????????????????????????????? | | ????????????????????????????????????????? | | ????????????????????????????????????????? | | ????????????????????????????????????????? | | ????????????????????????????????????????? | | ????????????????????????????????????????? | | ????????????????????????????????????????? | | ????????????????????????????????????????? | +----------------------------------------------------+ Best States ------------- Heat Dissipation 25 Energy Generation 14 Energy Capacity 280 Matter Stores 300 Matter Capacity 300 Sight Range 16 Terrain Scan Density 10 Evasion (%) 55 Item Schematics ----------------- None Robot Schematics ------------------ None Fabricated ------------ Nothing Repaired ---------- Nothing Studied --------- None Alien Tech Used ----------------- None Achievements -------------- None Challenges ------------ None Game ------ Seed DeuteriumHellfireScythe Manual? 0 Play Time 00:12:34 Cumulative 177.0 hours Start 2026.01.31 @ 02:35:26 End 2026.01.31 @ 02:45:52 Sessions 1 Manual Loads 0 Difficulty Rogue Special Mode None Game No. 94 Rogue 90 Adventurer 2 Explorer 2 Win Type - Total 2 Types 1/0/1/0/0/0/0/0/0/0 Lore% 67 Gallery% 65 Achievement% 39 Wizard Run 0 Options --------- Layout 0 ASCII 0 Keyboard 1 Movement Arrows Keybinds 0 Fullscreen 2 Font 18/Terminus Map View 76x50 Zoom Use 0% Tactical HUD 1 Map Filters NONE Filters NONE Steam 1 RUN: ea21ffe2-f8e5-4dc0-8122-f9c5b98e80a5